 Dungeon Crawl Stone Soup version 0.23.1 (webtiles) character file.

Game seed: 8272768434018474722

855 Borgoz the Sneak (level 8, -27/44 HPs)
             Began as a Kobold Enchanter on Mar 4, 2019.
             Annihilated by an ogre
             ... wielding a cursed -2 giant spiked club
              (28 damage)
             ... on level 4 of the Dungeon.
             The game lasted 00:12:58 (3818 turns).

Borgoz the Sneak (Kobold Enchanter)                 Turns: 3818, Time: 00:12:59

Health: -27/44     AC:  5    Str:  7    XL:     8   Next: 21%
Magic:  2/13       EV: 17    Int: 17    God:
Gold:   277        SH:  0    Dex: 15    Spells: 11/14 levels left

rFire    . . .     SeeInvis .   j - +2 short sword (vamp)
rCold    . . .     Gourm    .   (shield restricted)
rNeg     . . .     Faith    .   b - +0 robe
rPois    .         Spirit   .   (no helmet)
rElec    .         Reflect  .   m - +1 cloak
rCorr    .         Harm     .   o - +0 pair of gloves
MR       .....                  (no boots)
Stlth    ++++......             (no amulet)
HPRegen  0.14/turn              (no ring)
MPRegen  0.13/turn              (no ring)

@: very slightly contaminated
A: small, carnivore
a: no special abilities


You were on level 4 of the Dungeon.
You were very full.

You visited 1 branch of the dungeon, and saw 6 of its levels.

You collected 277 gold pieces.

Inventory:

Hand Weapons
 a - a +2 dagger
 j - a +2 vampiric short sword (weapon)
 A - a +0 blowgun
Missiles
 r - 13 poisoned needles
Armour
 b - a +0 robe (worn)
 m - a +1 cloak (worn)
 o - a +0 pair of gloves (worn)
Jewellery
 h - an uncursed ring of fire
 i - an uncursed ring of flight
 s - an uncursed amulet of rage {unknown}
Wands
 p - a wand of acid (5)
Scrolls
 e - 4 scrolls of teleportation
 g - 5 scrolls of identify {unknown}
 l - 4 scrolls of enchant weapon
 t - a scroll of remove curse
 u - 3 scrolls of silence {unknown}
 v - a scroll of enchant armour
 y - a scroll of fog {unknown}
Potions
 c - 2 potions of brilliance {unknown}
 f - 2 potions of degeneration {unknown}
 k - 3 potions of heal wounds
 n - 2 potions of magic {unknown}
 q - a potion of flight {unknown}
 w - a potion of mutation {unknown}
 z - a potion of haste {unknown}
 B - a potion of cancellation {unknown}
 C - a potion of curing {unknown}
Comestibles
 d - 7 rations
 x - 3 chunks of flesh


   Skills:
 + Level 1.7 Fighting
 + Level 6.5 Short Blades
 + Level 0.3 Armour
 + Level 4.7 Dodging
 + Level 7.1 Stealth
 + Level 3.6 Spellcasting
 + Level 4.1 Hexes
 + Level 0.6 Evocations


You had 11 spell levels left.
You knew the following spells:

 Your Spells              Type           Power        Failure   Level  Hunger
a - Corona                Hex            ###....      3%          1    None
b - Ensorcelled Hibernat  Hex/Ice        ##....       11%         2    ##.....

Your spell library contained the following spells:

 Spells                   Type           Power        Failure   Level  Hunger
 Confuse                  Hex            ###.....     9%          3    ###....
 Tukima's Dance           Hex            ###.....     9%          3    ###....
 Dazzling Spray           Conj/Hex       ##....       22%         3    ###....


Dungeon Overview and Level Annotations

Branches:
Dungeon (6/15)
 Temple: D:4-7

Altars:
Nemelex Xobeh


Innate Abilities, Weirdness & Mutations

You are small and have problems with some larger weapons.
You are carnivorous and can eat meat at any time.


Message History

The gnoll closely misses you.
Casting: Ensorcelled Hibernation (safe; 11% risk of failure)
Confirm with . or Enter, or press ? or * to list all spells.
Aiming: Ensorcelled Hibernation (safe; 11% risk of failure)
Press: ? - help, Shift-Dir - straight line, f/p - ogre
Aim: an ogre, wielding a -2 giant spiked club (chance to defeat MR: 41%)
The ogre resists with some effort.
The gnoll hits you with a +0 flail!
* * * LOW HITPOINT WARNING * * *
The ogre closely misses you. The gnoll hits you with a +0 spear!
* * * LOW HITPOINT WARNING * * *
Casting: Ensorcelled Hibernation (safe; 11% risk of failure)
Confirm with . or Enter, or press ? or * to list all spells.
Aiming: Ensorcelled Hibernation (safe; 11% risk of failure)
Press: ? - help, Shift-Dir - straight line, f/p - ogre
Aim: an ogre, wielding a -2 giant spiked club (chance to defeat MR: 41%)
The ogre resists with some effort.
The gnoll completely misses you. The gnoll closely misses you.
The ogre hits you with a cursed -2 giant spiked club!!
Ouch! That really hurt!
You die...

≈.##.##...# #.##.###...
≈≈#.......# #........#
≈≈≈.......# #........#
≈≈≈........##........#
≈≈.............#.....##
≈≈≈##......#####......##
≈≈≈#.......##.##....#..##
≈#.##..........gg..<#...###
≈...#..........O@.........#
≈...#.....................#
...).............###.....##
................## ##....#
...........#...## ######
...............#
..).).......>..####
..................#
...........#......#


You could see an ogre and 2 gnolls.

Vanquished Creatures
  Sigmund (D:3)
  A water moccasin (D:3)
  An ogre (D:4)
  A bullfrog (D:6)
  2 howler monkeys (D:4)
  3 crimson imps
  A hound (D:4)
  An orc priest (D:3)
  Jessica (D:3)
  A worker ant (D:6)
  A howler monkey skeleton (D:5)
  A gnoll (D:4)
  5 adders
  2 adder skeletons
  A worm (D:3)
  10 dart slugs
  A leopard gecko (D:6)
  5 orcs (D:3)
  A ball python (D:3)
  2 giant cockroaches
  7 goblins
  9 hobgoblins
  3 jackals (D:1)
  A quokka (D:6)
  A ball python zombie (D:5)
  9 bats
  9 frilled lizards
  11 kobolds
  A quokka skeleton (D:4)
  11 rats
104 creatures vanquished.

Notes
Turn   | Place    | Note
-------+----------+-------------------------------------------
     0 | D:1      | Borgoz the Kobold Enchanter began the quest for the Orb.
     0 | D:1      | Reached XP level 1. HP: 10/10 MP: 3/3
   301 | D:1      | Reached XP level 2. HP: 15/15 MP: 5/5
   308 | D:1      | Learned a level 2 spell: Ensorcelled Hibernation
   830 | D:1      | Reached XP level 3. HP: 16/19 MP: 6/6
  1500 | D:2      | Reached XP level 4. HP: 24/24 MP: 5/8
  1550 | D:2      | Found a sparkling altar of Nemelex Xobeh.
  2283 | D:3      | Noticed Jessica
  2287 | D:3      | Killed Jessica
  2287 | D:3      | Reached XP level 5. HP: 28/28 MP: 9/9
  2304 | D:3      | Reached skill level 5 in Stealth
  2317 | D:3      | You fall through a shaft for 3 floors!
  2354 | D:6      | Noticed a bullfrog
  2362 | D:6      | Killed a bullfrog
  2362 | D:6      | Reached XP level 6. HP: 33/33 MP: 1/10
  2371 | D:6      | Reached skill level 1 in Fighting
  2483 | D:6      | Reached skill level 6 in Stealth
  2504 | D:5      | Entered Level 5 of the Dungeon
  2885 | D:4      | Reached XP level 7. HP: 28/38 MP: 0/11
  3324 | D:3      | Noticed Sigmund
  3327 | D:3      | Killed Sigmund
  3327 | D:3      | Reached skill level 5 in Short Blades
  3534 | D:4      | Noticed a water moccasin
  3547 | D:3      | Killed a water moccasin
  3547 | D:3      | Reached skill level 7 in Stealth
  3547 | D:3      | Reached XP level 8. HP: 43/43 MP: 0/13
  3817 | D:4      | HP: 1/44 [gnoll/+0 spear (8)]
  3818 | D:4      | Annihilated by an ogre

Skill      XL: |  1  2  3  4  5  6  7 |
---------------+----------------------+-----
Short Blades   | 2 3 4 6 |  6.5
Dodging        | 3 4 |  4.7
Stealth        | 5 6 7 |  7.1
Spellcasting   | 3 |  3.6
Fighting       | 1 |  1.7
Hexes          | 4 |  4.1
Armour         | |  0.3
Evocations     | |  0.6

Action                   |  1- 3 |  4- 6 |  7- 9 || total
-------------------------+-------+-------+-------++-------
Melee: Dagger            |   102 |    19 |       ||   121
       Short sword       |       |    63 |    90 ||   153
 Cast: Corona            |     9 |       |       ||     9
       Ensorcelled Hiber |    15 |    14 |    20 ||    49
  Use: Scroll            |     6 |       |       ||     6
 Stab: Sleeping          |    16 |    22 |    10 ||    48
  Eat: Chunk             |    11 |    10 |     3 ||    24
Armor: Robe              |    13 |     9 |    15 ||    37
Dodge: Dodged            |    75 |    69 |    75 ||   219
